 Dungeon Crawl Stone Soup version 0.20-a0-1040-gfd09691 (webtiles) character file.

84 Jarno the Charmwright (level 4, -1/35 HPs)
             Began as a Gnoll Skald on Apr 23, 2017.
             Slain by Grinder (4 damage)
             ... on level 3 of the Dungeon.
             The game lasted 00:03:34 (2036 turns).

Jarno the Charmwright (Gnoll Skald)                 Turns: 2036, Time: 00:03:35

Health: -1/35      AC:  6    Str: 10    XL:     4   Next: 45%
Magic:  1/9        EV: 12    Int: 13    God:
Gold:   78         SH:  0    Dex: 14    Spells: 1/9 levels left

rFire    . . .     SeeInvis .   a - +0 falchion
rCold    . . .     Gourm    .   (no shield)
rNeg     . . .     Faith    .   l - +0 ring mail
rPois    .         Spirit   .   (no helmet)
rElec    .         Reflect  .   f - +0 cloak
rCorr    .         Harm     .   (no gloves)
MR       .....                  (no boots)
Stlth    +.........             (no amulet)
Regen    0.2/turn               (no ring)
MPRegen  0.2/turn               (no ring)

@: infused, very slightly contaminated
A: short attention span, fangs 1, strong nose
a: no special abilities


You were on level 3 of the Dungeon.
You were very hungry.

You visited 1 branch of the dungeon, and saw 3 of its levels.

You collected 78 gold pieces.

Inventory:

Hand Weapons
 a - a +0 falchion (weapon)
 e - a cursed +0 hunting sling
Missiles
 m - 8 curare-tipped needles
Armour
 f - a +0 cloak (worn)
 l - a +0 ring mail (worn)
Scrolls
 b - a scroll of noise {unknown}
 i - 2 scrolls of teleportation
 j - 6 scrolls of identify
 o - a scroll of fog {unknown}
 p - a scroll of remove curse
Potions
 k - a potion of magic
 n - a potion of curing {unknown}
 q - a potion of cancellation {unknown}
Books
 c - a book of Battle

   Spells                             Type                      Level
   a - Infusion                       Charms                       1
   b - Shroud of Golubria             Charms/Translocation         2
   c - Song of Slaying                Charms                       2
   d - Spectral Weapon                Hexes/Charms                 3
   e - Regeneration                   Charms/Necromancy            3
Comestibles
 d - 4 bread rations
 g - 3 meat rations
 h - 3 royal jellies


   Skills:
 + Level 3.3 Fighting
 + Level 4.0 Long Blades
 + Level 2.2 Armour
 + Level 3.8 Dodging
 + Level 1.3 Stealth
 + Level 3.4 Spellcasting
 - Level 5.0 Charms
 * Level 1.3 Necromancy
 * Level 1.5 Translocations


You had one spell level left.
You knew the following spells:

 Your Spells              Type           Power        Failure   Level  Hunger
a - Infusion              Chrm           ###.         7%          1    #......
b - Shroud of Golubria    Chrm/Tloc      ##........   22%         2    ##.....
c - Song of Slaying       Chrm           ###.....     11%         2    ##.....
d - Regeneration          Chrm/Necr      ##........   41%         3    ###....


Dungeon Overview and Level Annotations

Branches:
Dungeon (3/15)

Altars:

Annotations:
D:3 Grinder


Innate Abilities, Weirdness & Mutations

You have a short attention span.
You have very sharp teeth.
Your uncanny sense of smell can sniff out nearby items.


Message History

Grinder hits you.
You writhe in agony.
Grinder blinks!
You can move again.
Grinder gestures at you.
You barely resist. Grinder gestures at you.
You suddenly lose the ability to move!
Grinder hits you.
You writhe in agony.
* * * LOW HITPOINT WARNING * * *
You can move again.
You barely miss Grinder.
Grinder is severely wounded.
Grinder says, "Mostly I couldn't keep them alive."
Grinder closely misses you.
You hit Grinder.
Grinder is severely wounded.
Grinder hits you.
* * * LOW HITPOINT WARNING * * *
You writhe in agony.
You die...

......
#.....###
#.......#
#.# #.# #.#
#.#
########.#
#.@......#
#5########
#.# #.#
############
#.#
#...........
#.#
#.##########
#.#### #.#
#....# #.#
####.# #.#


You could see Grinder.

Vanquished Creatures
  4 adders
  A dart slug (D:2)
  A worm (D:2)
  5 leopard geckos (D:1)
  8 bats
  A giant cockroach (D:3)
  3 goblins
  5 hobgoblins
  2 quokkas (D:3)
  3 frilled lizards
  3 kobolds
  5 rats
41 creatures vanquished.

Notes
Turn   | Place    | Note
-------+----------+-------------------------------------------
     0 | D:1      | Jarno the Gnoll Skald began the quest for the Orb.
     0 | D:1      | Reached XP level 1. HP: 18/18 MP: 4/4
    65 | D:1      | Reached XP level 2. HP: 24/24 MP: 6/6
   391 | D:1      | Reached skill level 5 in Charms
   402 | D:1      | Learned a level 2 spell: Shroud of Golubria
   405 | D:1      | Learned a level 2 spell: Song of Slaying
   496 | D:1      | Reached XP level 3. HP: 28/29 MP: 7/7
   906 | D:2      | Learned a level 3 spell: Regeneration
   964 | D:2      | Reached skill level 1 in Stealth
  1162 | D:2      | Reached XP level 4. HP: 19/35 MP: 9/9
  1178 | D:2      | Reached skill level 1 in Necromancy
  1616 | D:3      | Noticed Grinder
  1622 | D:3      | Paralysed by Grinder for 4 turns
  1662 | D:3      | Reached skill level 1 in Translocations
  2022 | D:3      | Paralysed by Grinder for 5 turns
  2033 | D:3      | Paralysed by Grinder for 2 turns
  2036 | D:3      | Slain by Grinder

Vault maps used:
D:1:      dpeg_arrival_fog, minmay_tetromino_l2
D:3:      first_bread, uniq_grinder

Skill      XL: |  1  2  3  4 |
---------------+-------------+-----
Charms         | 5 |  5.0
Armour         | 2 |  2.2
Stealth        | 1 |  1.3
Long Blades    | 4 |  4.0
Necromancy     | 1 |  1.3
Translocations | 1 |  1.5
Fighting       | |  3.3
Dodging        | |  3.8
Spellcasting   | |  3.4

Action                   |  1- 3 |  4- 6 || total
-------------------------+-------+-------++-------
Melee: Falchion          |   138 |    42 ||   180
       Bite              |    16 |     8 ||    24
 Cast: Shroud of Golubri |     1 |     2 ||     3
       Infusion          |       |     1 ||     1
  Use: Scroll            |       |     3 ||     3
 Stab: Sleeping          |     1 |       ||     1
  Eat: Chunk             |     1 |     2 ||     3
Armor: Leather armour    |    37 |       ||    37
       Ring mail         |    17 |    21 ||    38
Dodge: Dodged            |   100 |    45 ||   145
       Rpst.: Falchion   |    34 |    18 ||    52
